 Dungeon Crawl Stone Soup version 0.30-a0-719-gcc4359ea44 (webtiles) character file.

Game seed: 10686407716395542896

606 Lobster4 the Conjurer (level 7, -2/52 HPs)
             Began as a Human Conjurer on Jan 27, 2023.
             Slain by a wyvern (11 damage)
             ... on level 5 of the Dungeon.
             The game lasted 00:10:05 (5519 turns).

Lobster4 the Conjurer (Human Conjurer)              Turns: 5519, Time: 00:10:06

Health: -2/52      AC:  5    Str: 16    XL:     7   Next: 70%
Magic:  0/21       EV: 12    Int: 18    God:
Gold:   131        SH:  0    Dex: 11    Spells: 10/13 levels left

rFire   . . .      SeeInvis .    w - +3 hammer (protect)
rCold   . . .      Faith    .    (no shield)
rNeg    . . .      Spirit   +    a - +0 robe
rPois   .          Reflect  .    F - +0 helmet
rElec   .          Harm     .    y - +1 cloak {Stlth+}
rCorr   .          Rampage  .    (no gloves)
Will    .....                    (no boots)
Stlth   +++                      s - amulet of guardian spirit
HPRegen 0.28/turn                h - +6 ring of strength
MPRegen 0.17/turn                z - ring of magical power

@: no status effects
A: no striking features
a: no special abilities


You were on level 5 of the Dungeon.
You visited 1 branch of the dungeon, and saw 5 of its levels.
You also visited: Sewer.

You collected 131 gold pieces.

Inventory:

Hand Weapons
 p - a +0 short sword
 w - a +3 hammer of protection (weapon)
 E - a +2 whip of venom
Missiles
 g - 5 stones
 u - 2 silver javelins
 v - 3 poisoned darts
 G - 5 boomerangs
Armour
 a - a +0 robe (worn)
 r - a +0 ring mail
 y - a +1 cloak of stealth (worn)
 F - a +0 helmet (worn)
Jewellery
 h - a +6 ring of strength (left hand)
 s - an amulet of guardian spirit (around neck)
 x - a ring of flight
 z - a ring of magical power (right hand)
 A - a ring of magical power
Scrolls
 c - 3 scrolls of teleportation
 d - a scroll of magic mapping
 j - 2 scrolls of fog
 l - a scroll of poison {unknown}
 m - a scroll of blinking {unknown}
 n - 2 scrolls of enchant weapon
 o - a scroll of enchant armour {unknown}
 t - a scroll of brand weapon {unknown}
Potions
 b - a potion of magic
 e - a potion of degeneration {unknown}
 f - 4 potions of curing
 i - a potion of lignification {unknown}
 k - 3 potions of attraction {unknown}
 q - 2 potions of mutation
 B - a potion of brilliance {unknown}
 C - a potion of might
 D - a potion of haste {unknown}


   Skills:
 + Level 3.1 Fighting
 + Level 2.2 Maces & Flails
 + Level 3.0 Armour
 + Level 3.2 Dodging
 - Level 2.0 Stealth
 + Level 3.7 Spellcasting
 + Level 5.2 Conjurations


You had 10 spell levels left.
You knew the following spells:

 Your Spells              Type           Power      Damage    Failure   Level
a - Magic Dart            Conj           88%        1d7       1%          1
b - Searing Ray           Conj           44%        2d6       2%          2

Your spell library contained the following spells:

 Spells                   Type           Power      Damage    Failure   Level
 Freeze                   Ice            12%        1d3       16%         1
 Dazzling Flash           Conj/Hex       24%        N/A       16%         3
 Hailstorm                Conj/Ice       12%        3d5       16%         3
 Frozen Ramparts          Ice            6%         1d1       41%         3
 Fulminant Prism          Conj/Hex       6%         3d7       45%         4
 Iskenderun's Mystic Bla  Conj/Tloc      12%        2d5       45%         4


Dungeon Overview and Level Annotations

Branches:
Dungeon (5/15)             Temple (0/1) D:4           Sewer (visited)

Altars:

Annotations:
D:2 1 runed translucent door, Crazy Yiuf
D:5 Pikel


Message History

You are poisoned.
The adder poisons you!
Casting: Searing Ray (safe; 2% risk of failure)
Confirm with . or Enter, or press ? or * to list all spells.
Aiming: Searing Ray (safe; 2% risk of failure)
Press: ? - help, Shift-Dir - straight line, f/p - wyvern
Aim: a wyvern (heavily wounded, 78% to hit)
The searing ray misses the wyvern. (Press . to maintain the ray.)
You feel sick. The wyvern barely misses you. The adder closely misses you.
The wyvern bites you.
The searing ray hits the wyvern.
The wyvern is heavily wounded.
You feel sick. The wyvern barely misses you. The adder misses you.
The searing ray hits the wyvern.
The wyvern is severely wounded.
You feel sick. The wyvern bites you!
* * * LOW HITPOINT WARNING * * *
The adder barely misses you. The wyvern closely misses you.
The adder barely misses you.
The searing ray hits the wyvern.
The wyvern is severely wounded.
You finish channelling your searing ray.
You feel sick.
The wyvern bites you but does no damage.
The adder bites you but does no damage.
Casting: Searing Ray (safe; 2% risk of failure)
Confirm with . or Enter, or press ? or * to list all spells.
Aiming: Searing Ray (safe; 2% risk of failure)
Press: ? - help, Shift-Dir - straight line, f/p - wyvern
Aim: a wyvern (severely wounded, 78% to hit)
The searing ray hits the wyvern.
The wyvern is almost dead. (Press . to maintain the ray.)
You feel sick.
You are no longer poisoned.
The wyvern closely misses you. The adder bites you.
* * * LOW HITPOINT WARNING * * *
The wyvern bites you!
You die...

######
....
#######.##
#......@.#
#.#####lS#
# #.# #..#
###### #.#
#..#
...... #.#
#..#
###### #.#
.... # #.#
#..## #.#
#.). ...


You could see a wyvern and an adder.

Vanquished Creatures
  A phantom (D:5)
  2 bullfrogs (Sewer)
  A hound (D:4)
  A jelly (D:5)
  An iguana (D:5)
  An orc wizard (D:4)
  11 adders
  7 river rats
  5 worms
  4 orcs (D:4)
  5 endoplasms
  4 giant cockroaches
  8 goblins
  7 hobgoblins
  5 jackals
  3 quokkas
  24 ball pythons
  5 bats
  2 frilled lizards (Sewer)
  7 kobolds
  31 rats
135 creatures vanquished.

Vanquished Creatures (others)
  A fungus (D:2)
  4 plants (D:4)
5 creatures vanquished.

Grand Total: 140 creatures vanquished

Notes
Turn   | Place    | Note
-------+----------+-------------------------------------------
     0 | D:1      | Lobster4 the Human Conjurer began the quest for the Orb.
     0 | D:1      | Reached XP level 1. HP: 13/13 MP: 3/3
   211 | D:1      | Reached XP level 2. HP: 20/20 MP: 3/5
   339 | D:1      | Learned a level 2 spell: Searing Ray
   456 | D:1      | Found a faded altar of an unknown god.
   847 | D:1      | Reached XP level 3. HP: 25/25 MP: 3/6
  1255 | D:2      | Reached skill level 1 in Fighting
  1344 | D:2      | Reached skill level 1 in Armour
  1723 | D:2      | Reached XP level 4. HP: 32/32 MP: 4/7
  2136 | D:2      | Found a runed translucent door.
  2137 | D:2      | Noticed Crazy Yiuf
  2769 | D:3      | Reached XP level 5. HP: 37/37 MP: 4/8
  3698 | D:4      | Reached skill level 1 in Maces & Flails
  3819 | D:4      | Found a glowing drain.
  3870 | Sewer    | Entered a sewer
  3959 | Sewer    | Reached XP level 6. HP: 44/44 MP: 10/10
  4675 | Sewer    | Reached skill level 5 in Conjurations
  4675 | Sewer    | Reached XP level 7. HP: 13/51 MP: 3/12
  5196 | D:4      | You fall into a shaft and drop 1 floor!
  5196 | D:5      | Entered Level 5 of the Dungeon
  5357 | D:4      | Noticed Pikel
  5510 | D:5      | Noticed a wyvern
  5519 | D:5      | Slain by a wyvern

Illustrated notes

Levels and vault maps discovered:
D:1:      dpeg_arrival_rhombi, layout_basic, chequers_ecumenical_altar_grove
D:2:      layout_loops_ring, uniq_crazy_yiuf_cottage
D:3:      layout_basic, nicolae_titane
D:4:      layout_loops_ring, minmay_temple_entry_overgrown,
          lightli_sewer_entry_pipes, uniq_robin, uniq_pikel
D:5:      layout_loops_ring, uniq_grinder

Skill      XL: |  1  2  3  4  5  6  7 |
---------------+----------------------+-----
Fighting       | 1 2 3 |  3.1
Armour         | 1 2 3 |  3.0
Maces & Flails | 1 2 |  2.2
Dodging        | 3 |  3.2
Spellcasting   | 3 |  3.7
Conjurations   | 5 |  5.2
Stealth        | |  2.0

Action                     |  1- 3 |  4- 6 |  7- 9 || total
---------------------------+-------+-------+-------++-------
  Melee: Dagger            |     3 |       |       ||     3
         Mace              |       |    28 |     4 ||    32
   Cast: Magic Dart        |    58 |   169 |    14 ||   241
         Searing Ray       |       |    14 |    14 ||    28
    Use: Scroll            |       |     5 |     3 ||     8
         Potion            |       |       |     1 ||     1
   Stab: Sleeping          |       |     1 |       ||     1
 Armour: Robe              |     1 |    30 |     9 ||    40
  Dodge: Dodged            |     5 |    56 |    31 ||    92

Table legend: (Time is in decaauts)
 A = Elapsed time spent in this place.
 B = Non-inter-level travel time spent in this place.
 C = Inter-level travel time spent in this place.
 D = Time resting spent in this place.
 E = Time spent auto-exploring this place.
 F = Levels seen in this place.
 G = Mean time per level.
                   A        B        C        D        E       F      G
               +--------+--------+--------+--------+--------+-----+--------+
         Total |   5615 |   5489 |    126 |    730 |   3959 |   6 |  935.8 |
       Dungeon |   4583 |   4457 |    126 |    399 |   3476 |   5 |  916.6 |
         Sewer |   1032 |   1032 |      0 |    331 |    482 |   1 | 1032.0 |
               +--------+--------+--------+--------+--------+-----+--------+

Top non-repeatable levels by time:
     D:3: 1294 daAuts
     D:1: 1243 daAuts
     D:2: 1117 daAuts
   Sewer: 1032 daAuts
     D:4: 606 daAuts
     D:5: 321 daAuts
